 Dungeon Crawl Stone Soup version 0.26-b1-32-g5d43845318 (webtiles) character file.

Game seed: 5121699339930632201

83 HoaS the Ruffian (level 4, 0/36 HPs)
             Began as a Ghoul Gladiator on Jan 8, 2021.
             Killed from afar by an orc wizard (6 damage)
             ... with a puff of flame
             ... on level 3 of the Dungeon.
             The game lasted 00:03:52 (1582 turns).

HoaS the Ruffian (Ghoul Gladiator)                  Turns: 1582, Time: 00:03:53

Health: 0/36       AC: 11    Str: 18    XL:     4   Next: 44%
Magic:  3/3        EV:  7    Int:  3    God:
Gold:   165        SH:  0    Dex: 10    Spells: 3/3 levels left

rFire    . . .     SeeInvis .     - Unarmed
rCold    + . .     Faith    .   (no shield)
rNeg     + + +     Spirit   .   t - +0 chain mail
rPois    ∞         Reflect  .   b - +0 helmet
rElec    .         Harm     .   k - scarf {repulsion}
rCorr    +         Rampage  .   (no gloves)
Will     .....                  l - +1 pair of boots
Stlth    ..........             (no amulet)
HPRegen  0.00/turn              p - ring of resist corrosion
MPRegen  0.08/turn              (no ring)

@: repel missiles
A: claws 1, cold resistance 1, negative energy resistance 3, inhibited
regeneration, torment resistance, unbreathing
a: no special abilities


You were on level 3 of the Dungeon.
You visited 1 branch of the dungeon, and saw 3 of its levels.

You collected 165 gold pieces.

Inventory:

Missiles
 c - 2 throwing nets (quivered)
 o - 7 boomerangs
Armour
 b - a +0 helmet (worn)
 k - a scarf of repulsion (worn)
 l - a +1 pair of boots (worn)
 t - a +0 chain mail (worn)
Jewellery
 p - a ring of resist corrosion (left claw)
Wands
 r - a wand of digging (5)
Scrolls
 a - a scroll of blinking
 g - a scroll of remove curse
Potions
 d - a potion of flight {unknown}
 i - 2 potions of heal wounds
 j - a potion of curing {unknown}
 s - a potion of ambrosia {unknown}


   Skills:
 - Level 2.1 Fighting
 - Level 1.7 Throwing
 - Level 2.6 Dodging
 + Level 5.6 Unarmed Combat


You had 3 spell levels left.
You didn't know any spells.
Your spell library was empty.

Dungeon Overview and Level Annotations

Branches:
Dungeon (3/15)

Altars:


Innate Abilities, Weirdness & Mutations

You thrive by killing the living.
You are immune to poison.
You have sharp fingernails.
Your flesh is cold resistant. (rC+)
You are immune to negative energy. (rN+++)
You do not regenerate when monsters are visible.
You are immune to unholy pain and torment.
You can survive without breathing.


Message History

The orc priest is severely wounded.
The orc wizard hits you but does no damage.
The orc priest hits you but does no damage.
The giant cockroach barely misses you.
The orc priest calls down the wrath of Beogh upon you.
Beogh smites you!
You barely miss the orc priest.
The orc priest is severely wounded.
The orc wizard closely misses you. The giant cockroach barely misses you.
The orc priest barely misses you.
The orc wizard hits you but does no damage.
The orc priest calls down the wrath of Beogh upon you.
Beogh smites you!
* * * LOW HITPOINT WARNING * * *
You scratch the orc priest but do no damage.
The orc priest is severely wounded.
The giant cockroach bites you but does no damage.
The orc wizard points at you and mumbles some strange words.
The puff of flame hits you.
You die...

....).?#.........
.........###....(
... #........#
.......
........h##
..#..#
.##.####Sg#
..(..## .. ##.#
......# ##
#h####.o.....
#gSSo#.......
####B@o# ###.# .#
.. #.# .# .. .#


You could see 2 orc priests, an orc wizard (fast), an adder, a jackal, a giant
cockroach, a hobgoblin and a ball python.

Vanquished Creatures
  Terence (D:2)
  An adder (D:2)
  An ooze (D:2)
  3 leopard geckos
  2 orcs (D:3)
  2 ball pythons
  2 giant cockroaches
  3 goblins (D:1)
  3 hobgoblins
  6 kobolds
  5 bats
  3 frilled lizards (D:1)
  8 rats
40 creatures vanquished.

Notes
Turn   | Place    | Note
-------+----------+-------------------------------------------
     0 | D:1      | HoaS the Ghoul Gladiator began the quest for the Orb.
     0 | D:1      | Reached XP level 1. HP: 17/17 MP: 0/0
   107 | D:1      | Reached XP level 2. HP: 22/24 MP: 1/1
   154 | D:1      | Reached skill level 4 in Unarmed Combat
   991 | D:2      | Reached XP level 3. HP: 29/29 MP: 2/2
  1494 | D:3      | Noticed Terence
  1507 | D:2      | Killed Terence
  1508 | D:2      | Reached skill level 5 in Unarmed Combat
  1508 | D:2      | Reached XP level 4. HP: 25/36 MP: 3/3
  1582 | D:3      | Killed from afar by an orc wizard

Illustrated notes

Levels and vault maps discovered:
D:1:      co_arrival_random_square_maze, layout_rooms, serial_glass,
          glass_columns_a, glass_columns_b, glass_columns_a, glass_columns_b
D:2:      kb_forest_paths, layout_loops_corners, minmay_misc_feat_rows
D:3:      layout_rooms, ebering_dispersal_statue_hall, minivault_23,
          minivault_27, uniq_terence

Skill      XL: |  1  2  3 |
---------------+----------+-----
Unarmed Combat | 4 5 |  5.6
Fighting       | |  2.1
Throwing       | |  1.7
Dodging        | |  2.6

Action                   |  1- 3 |  4- 6 || total
-------------------------+-------+-------++-------
Melee: Unarmed           |    89 |    27 ||   116
       Punch             |     2 |     1 ||     3
Throw: Throwing net      |     1 |       ||     1
  Use: Scroll            |       |     8 ||     8
 Stab: Held in net/web   |     1 |       ||     1
Armor: Leather armour    |    29 |       ||    29
       Ring mail         |    10 |     2 ||    12
       Chain mail        |       |    18 ||    18
Dodge: Dodged            |    62 |    25 ||    87
